Map: Backwater LE

Players

OokSpook - Winner!

  • Race: Zerg Zerg
  • League: Silver
  • Spawn Location: 5:00

A.I. 1 (Very Easy)

  • Race: Zerg Zerg
  • Spawn Location: 11:00

VOD

Have the link to the VOD?

Description

Time

  • Played on: March 19, 2018, 10:49 p.m.
  • Length: 4:03
Show
View Real Time Build Order
Export as new Build Order

OokSpook Zerg - Winner!

Build Orders: Hatch First 

Get SALT Encoding   

  12  0:01  Drone  
  13  0:08  Drone  
  13  0:12  Extractor  
  13  0:16  Drone  
  15  0:41  Hatchery  
  14  0:43  Extractor  
  14  0:45  Drone  
  14  1:03  Spawning Pool  
  13  1:06  Drone  
  14  1:17  Overlord  
  14  1:36  Drone x2  
  16  1:50  Metabolic Boost  
  16  1:51  Queen  
  18  1:54  Zergling x2  
  18  1:58  Zergling x2  
  20  2:01  Zergling x2  
  20  2:05  Zergling x2  
  20  2:08  Zergling x2  
  23  2:14  Overlord  
  23  2:18  Zergling x2  
  23  2:21  Zergling x2  
  25  2:25  Zergling x2  
  26  2:33  Zergling x2  
  26  2:36  Zergling x2  
  28  2:40  Overlord  
  28  2:47  Zergling x2  
  30  2:51  Zergling x2  
  30  2:57  Zergling x2  
  31  3:00  Zergling x4  
  31  3:02  Zergling x2  
  31  3:03  Zergling x2  
  35  3:21  Queen  
  37  3:28  Drone x2  
  37  3:29  Roach Warren  
  37  3:41  Drone  
  38  3:50  Drone  
  38  3:54  Extractor  
Show
View Real Time Build Order
Export as new Build Order

A.I. 1 (Very Easy) Zerg 

Build Orders: Pool Only 

Get SALT Encoding   

  12  0:01  Drone  
  13  0:12  Overlord  
  13  0:16  Drone  
  14  0:36  Spawning Pool  
  14  0:37  Extractor  
  14  0:39  Drone  
  13  0:47  Drone  
  14  0:53  Overlord  
  14  1:22  Zergling x2  
  14  1:25  Queen  
  17  1:34  Roach Warren  
  17  1:37  Drone  
  17  1:42  Extractor, Zergling x2  
  17  1:46  Drone  
  18  1:59  Drone  
  20  2:01  Zergling x2  
  20  2:10  Drone  
  21  2:20  Drone  
  22  2:32  Overlord, Drone  
  23  2:39  Drone  
  24  2:46  Drone  
  25  3:38  Zergling x2  
  23  3:46  Drone  
Tags
 
League
Silver
Matchup
ZvZ
Race
Zerg
Spawn Locations
Cross Positions
Add a new tag
Caveats
  • Supply blocks, unpowered buildings, or Contaminate may cause inaccurate times.
  • Supply counts are checked every 10 seconds.